 Dungeon Crawl Stone Soup version 0.30-a0-852-g08b95dd62f (webtiles) character file.

Game seed: 17879620087273498338

100 cforsyth the Caller (level 4, -1/24 HPs)
             Began as a Deep Elf Summoner on Mar 4, 2023.
             Blown up by Ijyb (15 damage)
             ... with a mindburst bolt
             ... on level 4 of the Dungeon.
             The game lasted 00:05:40 (3879 turns).

cforsyth the Caller (Deep Elf Summoner)             Turns: 3879, Time: 00:05:40

Health: -1/24      AC:  3    Str:  5    XL:     4   Next: 47%
Magic:  10/13      EV: 12    Int: 25    God:
Gold:   160        SH:  0    Dex: 15    Spells: 4/13 levels left

rFire   . . .      SeeInvis .    s - +12 whip of Exoneration {freeze, Drain rPois Int+3 Stlth+}
rCold   . . .      Faith    .    (no shield)
rNeg    . . .      Spirit   .    a - +0 robe
rPois   +          Reflect  .    (no helmet)
rElec   .          Rampage  .    (no cloak)
rCorr   .                        i - +0 pair of gloves
Will    .....                    (no boots)
Stlth   +++                      (no amulet)
HPRegen 0.24/turn                (no ring)
MPRegen 0.13/turn                (no ring)

@: no status effects
A: no striking features
a: no special abilities


You were on level 4 of the Dungeon.
You visited 1 branch of the dungeon, and saw 4 of its levels.

You collected 160 gold pieces.

Inventory:

Hand Weapons
 s - the +12 whip of Exoneration (weapon) {freeze, Drain rPois Int+3 Stlth+}
   (You found it on level 3 of the Dungeon)

   Int:       It affects your intelligence (+3).
   rPois:     It protects you from poison.
   Drain:     It drains your maximum health when unequipped.
   Stlth:     It makes you more stealthy.
Missiles
 o - 2 throwing nets
Armour
 a - a +0 robe (worn)
 i - a +0 pair of gloves (worn)
Jewellery
 w - a ring of fire
Wands
 v - a wand of acid (10)
Scrolls
 c - 2 scrolls of torment {unknown}
 d - 3 scrolls of identify {unknown}
 f - 2 scrolls of acquirement {unknown}
 g - a scroll of amnesia {unknown}
 k - a scroll of fog {unknown}
 m - a scroll of teleportation {unknown}
 p - a scroll of enchant weapon {unknown}
 q - a scroll of silence {unknown}
 r - 4 scrolls of blinking {unknown}
 t - a scroll of fear {unknown}
 u - a scroll of noise {unknown}
Potions
 b - a potion of magic
 e - a potion of degeneration {unknown}
 h - a potion of resistance {unknown}
 j - a potion of curing
 l - a potion of mutation {unknown}
 n - a potion of lignification


   Skills:
 - Level 2.4 Dodging
 - Level 2.4 Stealth
 + Level 5.0 Spellcasting
 + Level 5.5 Summonings


You had 4 spell levels left.
You knew the following spells:

 Your Spells              Type           Power      Damage    Failure   Level
a - Summon Small Mammal   Summ           100%       N/A       1%          1
b - Call Imp              Summ           34%        N/A       1%          2
c - Call Canine Familiar  Summ           34%        N/A       2%          3
d - Summon Guardian Gole  Hex/Summ       20%        N/A       8%          3

Your spell library contained the following spells:

 Spells                   Type           Power      Damage    Failure   Level
 Necrotise                Necr           24%        1d5       9%          1
 Vampiric Draining        Necr           6%         2d6       24%         3
 Summon Lightning Spire   Summ/Air       20%        N/A       26%         4
 Agony                    Necr           6%         N/A       92%         5


Dungeon Overview and Level Annotations

Branches:
Dungeon (4/15)
 Temple: D:4-7

Altars:
Wu Jian

Annotations:
D:4 Ijyb


Message History

The orc closely misses your hound.
Your hound bites the orc.
You whack the orc! You freeze the orc.
You kill the orc!
You start resting.
Your transformation is almost over.
Magic restored.
You start resting.
Your crimson imp disappears in a puff of smoke!
You feel less wooden.
Your +0 pair of gloves unmelds from your body.
Your +0 robe unmelds from your body.
You start resting.
HP restored.
You start waiting.
Your hound disappears in a puff of smoke!
Done waiting.
Things that are here:
a +0 whip; a +0 dagger; an orc corpse
There is a stone staircase leading down, spattered with blood here.
You climb downwards.
Level annotation: Ijyb Ijyb barely misses you.
There is a stone staircase leading up here.
Casting: Call Canine Familiar (dangerous; 2% risk of failure)
Confirm with . or Enter, or press ? or * to list all spells.
Ijyb hits you with a +0 club!
You hit Ijyb. You freeze Ijyb.
Ijyb is moderately wounded.
Your hound closely misses Ijyb.
Ijyb hits you with a +0 club.
You hit Ijyb. You freeze Ijyb.
Ijyb is severely wounded.
Your hound barely misses Ijyb.
Your hound bites Ijyb but does no damage.
Ijyb drinks a potion.
Ijyb is healed!
You hit Ijyb but do no damage.
Ijyb is moderately wounded.
Your hound bites Ijyb but does no damage.
Ijyb zaps a wand.
Your mind is blasted!
Ouch! That really hurt!
You die...

....>........ #
............. ..
............ ..
#.#.....#.#
#.#.........###
#.#..............
.................
#####@...).....
#...hg.........
#..............
.....|...........
#................
#.#....)...##.###
...........# .#
...........# #
...........#


You could see Ijyb (ally target) and a friendly hound (summoned).

Vanquished Creatures
  A worm (D:3)
  5 orcs
  3 endoplasms
  A hobgoblin (D:3)
  2 jackals (D:3)
  A bat (D:3)
  A rat (D:1)
14 creatures vanquished.

Vanquished Creatures (collateral kills)
  2 adders (D:2)
  3 ball pythons
  4 bats
  4 endoplasms
  2 giant cockroaches
  7 goblins
  5 hobgoblins
  3 jackals (D:1)
  A quokka (D:1)
  5 frilled lizards
  12 kobolds
  5 rats
53 creatures vanquished.

Vanquished Creatures (others)
  9 plants (D:1)
9 creatures vanquished.

Grand Total: 76 creatures vanquished

Notes
Turn   | Place    | Note
-------+----------+-------------------------------------------
     0 | D:1      | cforsyth the Deep Elf Summoner began the quest for the Orb.
     0 | D:1      | Reached XP level 1. HP: 10/10 MP: 6/6
   363 | D:1      | Reached XP level 2. HP: 15/15 MP: 5/8
   511 | D:1      | Learned a level 2 spell: Call Imp
  1134 | D:1      | Reached XP level 3. HP: 13/19 MP: 5/10
  1260 | D:1      | Reached skill level 5 in Summonings
  1955 | D:2      | Learned a level 3 spell: Call Canine Familiar
  2376 | D:2      | Reached XP level 4. HP: 24/24 MP: 12/12
  2867 | D:3      | Learned a level 3 spell: Summon Guardian Golem
  2920 | D:3      | Identified the +12 whip of Exoneration {freeze, Drain rPois
                  | Int+3 Stlth+}
  3020 | D:3      | Found an ornate altar of the Wu Jian Council.
  3377 | D:4      | Noticed Ijyb
  3390 | D:4      | Reached skill level 5 in Spellcasting
  3688 | D:3      | HP: 1/24 [orc/+0 whip (5)]
  3879 | D:4      | Blown up by Ijyb

Illustrated notes

Levels and vault maps discovered:
D:1:      mrwooster_arrival_statue_3, layout_loops_corners,
          nicolae_hexahallways, minmay_misc_feat_nine_boxes,
          lexackson_kobold_supper
D:2:      layout_loops_corners
D:3:      layout_loops_cross, mainiacjoe_overflow_catwalk
D:4:      layout_rooms, uniq_ijyb

Skill      XL: |  1  2  3  4 |
---------------+-------------+-----
Spellcasting   | 4 5 |  5.0
Summonings     | 5 |  5.5
Dodging        | |  2.4
Stealth        | |  2.4

Action                     |  1- 3 |  4- 6 || total
---------------------------+-------+-------++-------
  Melee: Unarmed           |    10 |       ||    10
         Whip              |       |    18 ||    18
   Cast: Summon Small Mamm |    51 |     8 ||    59
         Call Imp          |    15 |     4 ||    19
         Call Canine Famil |     2 |     5 ||     7
         Summon Guardian G |       |     1 ||     1
    Use: Potion            |       |     2 ||     2
   Stab: Sleeping          |       |     1 ||     1
 Armour: Robe              |     6 |     4 ||    10
         Skin              |       |     5 ||     5
  Dodge: Dodged            |    24 |    20 ||    44

Table legend: (Time is in decaauts)
 A = Elapsed time spent in this place.
 B = Non-inter-level travel time spent in this place.
 C = Inter-level travel time spent in this place.
 D = Time resting spent in this place.
 E = Time spent auto-exploring this place.
 F = Levels seen in this place.
 G = Mean time per level.
                   A        B        C        D        E       F      G
               +--------+--------+--------+--------+--------+-----+--------+
         Total |   3881 |   3797 |     84 |    461 |   2682 |   4 |  970.2 |
       Dungeon |   3881 |   3797 |     84 |    461 |   2682 |   4 |  970.2 |
               +--------+--------+--------+--------+--------+-----+--------+

Top non-repeatable levels by time:
     D:1: 1649 daAuts
     D:3: 1148 daAuts
     D:2: 1055 daAuts
     D:4: 28 daAuts
